AoeStats
← E-d-d-i-e91G

Nomad

509095744Analyzed
2v2 RM · 8d ago on Sep 25, 2026· 32m 5s· 4 players
Game mode
Random Map
Map size
176×176
Population
200
Speed
Normal
Resources
Standard
Victory
Conquest
Starting age
Dark Age
Ending age
Imperial Age
RankedLock teamsTeams togetherTeam positionsShared explorationLock speedFull tech treeHidden civsTurbo modeCheats
Victory
Defeat
🇦🇺 Goths · Australia
369
+18
🇦🇺 Wu · Australia
362
+19
🇹🇷 Romans · Türkiye
435
-19
🇪🇸 Spanish · Spain
412
-18
E-d-d-i-e91G
13:39 Feudal Age
14:30 Double-Bit Axe
17:43 Wheelbarrow
18:24 Town Watch
18:27 Loom
18:27 Horse Collar
19:08 Fishing Lines
23:13 Man-at-Arms
28:47 Arson
32:27 Scale Mail Armor
32:41 Forging
IAMASTROMAN9714
15:25 Feudal Age
16:23 Double-Bit Axe
16:01 Man-at-Arms
17:37 Horse Collar
21:20 Wheelbarrow
25:23 Forging
25:14 Scale Mail Armor
31:23 Fishing Lines
csanmiguel90
16:07 Feudal Age
16:32 Horse Collar
20:14 Double-Bit Axe
25:14 Man-at-Arms
KADIOGLU
2:56 Loom
17:20 Feudal Age
17:46 Horse Collar
17:50 Fishing Lines
19:41 Wheelbarrow
18:54 Town Watch
19:42 Gold Mining
19:43 Stone Mining
19:41 Double-Bit Axe
26:08 Forging
25:58 Scale Mail Armor
30:57 Castle Age
31:54 Hand Cart
31:39 Town Patrol
Connection lost

Rejoining the realm…

Still unreachable

The connection could not be restored.

Session expired

The server has moved on; the page needs a fresh start.